AoeStats
← Echidna

Arena

509294494Analyzed
1v1 RM · 7d ago on Sep 26, 2026· 23m 27s· 2 players
Game mode
Random Map
Map size
Tiny (2 player)
Population
200
Speed
Normal
Resources
Standard
Victory
Conquest
Starting age
Dark Age
Ending age
Imperial Age
RankedLock teamsTeams togetherTeam positionsShared explorationLock speedFull tech treeHidden civsTurbo modeCheats
Victory
Defeat
🇦🇺 Danes · Australia
601
+17
🇨🇿 Lithuanians · Czechia
613
-17
Echidna
6:33 Loom
9:39 Feudal Age
10:33 Double-Bit Axe
10:31 Horse Collar
14:30 Wheelbarrow
19:51 Castle Age
18:35 Gold Mining
18:38 Stone Mining
19:43 Arson
20:39 Heavy Plow
20:53 Bow Saw
21:57 Hand Cart
22:08 Forging
22:01 Scale Mail Armor
WolviCz
8:58 Loom
10:57 Feudal Age
12:07 Horse Collar
12:16 Double-Bit Axe
13:53 Gold Mining
18:29 Castle Age
17:43 Scale Barding Armor
19:52 Wheelbarrow
20:10 Fervor
20:36 Bow Saw
20:30 Heavy Plow
23:34 Bloodlines
23:46 Forging
Connection lost

Rejoining the realm…

Still unreachable

The connection could not be restored.

Session expired

The server has moved on; the page needs a fresh start.